 Dungeon Crawl Stone Soup version 0.20.0-15-g7f486f2 (webtiles) character file.

120 Naow the Magician (level 4, -6/24 HPs)
             Began as a Deep Elf Earth Elementalist on June 10, 2017.
             Mangled by an orc priest
             ... wielding a +0 flail
              (7 damage)
             ... on level 2 of the Dungeon.
             The game lasted 00:02:48 (1884 turns).

Naow the Magician (Deep Elf Earth Elementalist)     Turns: 1884, Time: 00:02:49

Health: -6/24      AC:  4    Str:  5    XL:     4   Next: 75%
Magic:  7/13       EV: 13    Int: 21    God:
Gold:   93         SH:  0    Dex: 15    Spells: 7/13 levels left

rFire    . . .     SeeInvis .   (no weapon)
rCold    . . .     Gourm    .   (no shield)
rNeg     . . .     Faith    .   c - +0 robe
rPois    .         Spirit   .   q - +1 hat
rElec    .         Reflect  .   (no cloak)
rCorr    .         Harm     .   (no gloves)
MR       .....                  i - +0 pair of boots
Stlth    ++........             (no amulet)
Regen    0.1/turn               (no ring)
MPRegen  0.2/turn               (no ring)

@: lethally poisoned (-6 -> -12)
A: no striking features
a: no special abilities


You were on level 2 of the Dungeon.
You were not hungry.

You visited 1 branch of the dungeon, and saw 3 of its levels.

You collected 93 gold pieces.

Inventory:

Missiles
 b - 19 stones (quivered)
Armour
 c - a +0 robe (worn)
 h - a +0 large shield
 i - a +0 pair of boots (worn)
 q - a +1 hat (worn)
Scrolls
 f - 2 scrolls of remove curse {unknown}
 m - 3 scrolls of teleportation {unknown}
 p - a scroll of identify {unknown}
 r - a scroll of immolation {unknown}
 s - a scroll of enchant armour {unknown}
Potions
 g - 3 potions of flight {unknown}
 k - a potion of haste {unknown}
 l - a potion of lignification {unknown}
 n - a potion of cancellation {unknown}
 o - a potion of magic {unknown}
Books
 e - a book of Geomancy

   Spells                             Type                      Level
   a - Sandblast                      Earth                        1
   b - Passwall                       Transmutation/Earth          2
   c - Stone Arrow                    Conjuration/Earth            3
   d - Petrify                        Transmutation/Earth          4
   e - Lee's Rapid Deconstruction     Earth                        5
Comestibles
 a - 3 chunks of flesh
 d - a bread ration
 j - a meat ration
 t - a royal jelly


   Skills:
 - Level 2.4 Dodging
 - Level 2.4 Stealth
 + Level 5.3 Spellcasting
 - Level 1.1 Transmutations
 + Level 4.8 Earth Magic


You had 7 spell levels left.
You knew the following spells:

 Your Spells              Type           Power        Failure   Level  Hunger
a - Sandblast             Erth           ####..       1%          1    None
b - Stone Arrow           Conj/Erth      ###...       12%         3    ##.....
c - Passwall              Tmut/Erth      ###.......   4%          2    None


Dungeon Overview and Level Annotations

Branches:
Dungeon (3/15)

Altars:
Ashenzari


Message History

Casting: Sandblast
Confirm with . or Enter, or press ? or * to list all spells.
Aiming: Sandblast
Press: ? - help, Shift-Dir - straight line, f - orc priest
Aim: an orc priest, wielding a flail and wearing a chain mail The blast of sand hits the orc priest.
b - 20 stones You feel sick.
The orc priest hits you with a flail!
* * * LOW HITPOINT WARNING * * *
Casting: Sandblast
Confirm with . or Enter, or press ? or * to list all spells.
Aiming: Sandblast
Press: ? - help, Shift-Dir - straight line, f/p - orc priest
Aim: an orc priest, wielding a flail and wearing a chain mail The blast of sand hits the orc priest.
The orc priest is lightly wounded.
b - 19 stones
* * * LOW HITPOINT WARNING * * *
You feel sick. The orc priest hits you with a flail!
You die...

# ##...####.........#####..###..
# ##...####.......##........... #
##....###.....###.##.....### #
#.##...####..##.......##### #
#.####.#####.<...#...#..... #
#.......#............#..... #
##............#....###..).. #
##...#######......# #..... #
#...# #@).......####.#.# #
#...####o#####........#.# ##
#########...####......####.# .#
#..........................# .#
#........#######..........##
.######......###########.####....
.#......####.......#####.# ##.##.
.#.###### #######...##..# #..###
...####### ###..<..# #..##


You could see an orc priest.

Vanquished Creatures
  An orc wizard (D:2)
  An adder (D:2)
  3 oozes
  4 worms (D:2)
  A leopard gecko (D:1)
  An orc (D:2)
  4 bats
  5 giant cockroaches
  8 goblins
  6 hobgoblins
  6 jackals
  6 kobolds
  A quokka (D:2)
  3 frilled lizards
  5 rats (D:1)
55 creatures vanquished.

Notes
Turn   | Place    | Note
-------+----------+-------------------------------------------
     0 | D:1      | Naow the Deep Elf Earth Elementalist began the quest for the Orb.
     0 | D:1      | Reached XP level 1. HP: 10/10 MP: 6/6
   196 | D:1      | Reached XP level 2. HP: 15/15 MP: 2/8
   356 | D:1      | Reached skill level 4 in Spellcasting
   486 | D:1      | Found a shattered altar of Ashenzari.
   575 | D:1      | Reached XP level 3. HP: 19/19 MP: 4/10
   580 | D:1      | Learned a level 3 spell: Stone Arrow
   583 | D:1      | Learned a level 2 spell: Passwall
  1464 | D:2      | Reached XP level 4. HP: 24/24 MP: 9/12
  1778 | D:2      | Reached skill level 5 in Spellcasting
  1884 | D:2      | HP: 1/24 [poisoned by an orc wizard]
  1884 | D:2      | Mangled by an orc priest

Skill      XL: |  1  2  3  4 |
---------------+-------------+-----
Spellcasting   | 4 5 |  5.3
Earth Magic    | 4 |  4.8
Dodging        | |  2.4
Stealth        | |  2.4
Transmutations | |  1.1

Action                   |  1- 3 |  4- 6 || total
-------------------------+-------+-------++-------
Melee: Unarmed           |     1 |     1 ||     2
 Cast: Sandblast         |    58 |    24 ||    82
  Eat: Chunk             |     1 |     2 ||     3
Armor: Robe              |     6 |     2 ||     8
Dodge: Dodged            |    16 |     4 ||    20
